 Dungeon Crawl Stone Soup version 0.22.0-5-gf09313c (webtiles) character file.

127 mopl the Vexing (level 5, 0/39 HPs)
             Began as a Formicid Wanderer on Aug 13, 2018.
             Slain by an iguana (4 damage)
             ... on level 3 of the Dungeon.
             The game lasted 00:03:54 (3790 turns).

mopl the Vexing (Formicid Wanderer)                 Turns: 3790, Time: 00:03:55

Health: 0/39       AC:  8    Str: 17    XL:     5   Next: 33%
Magic:  6/6        EV:  8    Int: 10    God:
Gold:   227        SH:  0    Dex: 12    Spells: 6/6 levels left

rFire    . . .     SeeInvis +   a - +0 hand axe
rCold    . . .     Gourm    .   (no shield)
rNeg     . . .     Faith    .   x - +0 chain mail
rPois    .         Spirit   .   (helmet unavailable)
rElec    .         Reflect  .   (no cloak)
rCorr    .         Harm     .   (no gloves)
MR       .....                  (no boots)
Stlth    ..........             (no amulet)
HPRegen  0.13/turn              (no ring)
MPRegen  0.10/turn              (no ring)

@: no status effects
A: permanent stasis, dig shafts and tunnels, four strong arms, antennae 3
a: Dig, Shaft Self


You were on level 3 of the Dungeon.
You were very hungry.

You visited 1 branch of the dungeon, and saw 4 of its levels.

You collected 227 gold pieces.

Inventory:

Hand Weapons
 a - a +0 hand axe (weapon)
 b - a +0 blowgun
 w - a +0 spear
Missiles
 l - 15 poisoned needles
 v - 6 curare-tipped needles
Armour
 x - a +0 chain mail (worn)
Wands
 q - a wand of acid (9)
Scrolls
 e - a scroll of teleportation {unknown}
 g - a scroll of enchant armour {unknown}
 i - a scroll of immolation {unknown}
 m - 3 scrolls of identify {unknown}
 r - a scroll of enchant weapon {unknown}
 t - a scroll of fear {unknown}
 u - a scroll of random uselessness {unknown}
Potions
 c - a potion of lignification {!q}
 j - a potion of agility {unknown}
 k - a potion of curing {unknown}
 n - a potion of invisibility {unknown}
 o - a potion of heal wounds {unknown}
 p - a potion of might {unknown}
 s - a potion of resistance {unknown}
Comestibles
 f - 5 rations


   Skills:
 + Level 2.5 Fighting
 * Level 2.5 Axes
 + Level 2.1 Armour
 + Level 2.6 Dodging
 - Level 1.2 Stealth
 - Level 1.1 Spellcasting
   Level 3.6 Hexes
   Level 1.1 Transmutations
 - Level 1.1 Evocations


You had 6 spell levels left.
You didn't know any spells.
Your spell library contained the following spells:

 Spells                   Type           Power        Failure   Level  Hunger
 Magic Dart               Conj           #...         99%         1    ##.....
 Conjure Flame            Conj/Fire      #.......     100%        3    ####...
 Slow                     Hex            #.......     88%         2    ###....
 Mephitic Cloud           Conj/Pois/Air  #.......     100%        3    ####...
 Blink                    Tloc           N/A          100%        2    ###....
 Call Imp                 Summ           #.......     100%        2    ###....


Dungeon Overview and Level Annotations

Branches:
Dungeon (4/15)
 Temple: D:4-7

Altars:
Ashenzari


Innate Abilities, Weirdness & Mutations

You cannot be hasted, slowed, berserked, paralysed or teleported.
You can dig through walls and to a lower floor.
Your four strong arms can wield two-handed weapons with a shield.
You have a pair of large antennae on your head. (SInv)


Message History

You hit the iguana but do no damage.
The iguana bites you but does no damage.
Your chain mail prevents you from hitting the iguana.
The iguana bites you.
* * * LOW HITPOINT WARNING * * *
You closely miss the iguana. The iguana bites you!
* * * LOW HITPOINT WARNING * * *
The orc wizard gestures wildly while chanting.
The orc wizard seems to speed up.
The orc wizard casts a spell.
The orc wizard flickers and vanishes for a moment.
Evoke which item? (* to show all) (? for menu, Esc to quit)
Aiming: Corrosive Bolt
Press: ? - help, Shift-Dir - straight line, f - iguana
Aim: an iguana The bolt of acid hits the iguana.
The iguana is splashed with acid.
The acid corrodes the iguana!
The iguana is severely wounded.
The bolt of acid misses the orc wizard.
The iguana bites you.
You die...

.#.#######.......# ####.........#
.#.# #...###.###............#
+#+#######..............####.##.#
........##.#...#.###.##.# #.##.#
.....[..##.....#.#....#.# #.##.#
........####...#.#.#..#.# #.##.#
........# #..>#.#.#..#.# #.##.#
........# #.#.#.#.#..#.# #.....
........# #.#.#@#.#..#.# ######
........####.#.#l#.#<.#.#
##...........#.#o#.##.#.#
###########.#.#.#......# ###.#
###o#.###.#### ....# #.#.# #.#
###.# #######...###.# ....#
#.............#
########.#############


You could see an iguana and an orc wizard (invisible).

Vanquished Creatures
  A worker ant (D:4)
  3 gnolls (D:3)
  3 adders
  A worm (D:2)
  A dart slug (D:3)
  An orc (D:3)
  4 giant cockroaches
  2 goblins (D:1)
  5 hobgoblins
  2 jackals (D:2)
  3 kobolds (D:3)
  5 bats
  7 frilled lizards
  6 rats
44 creatures vanquished.

Notes
Turn   | Place    | Note
-------+----------+-------------------------------------------
     0 | D:1      | mopl the Formicid Wanderer began the quest for the Orb.
     0 | D:1      | mopl set off with: a +0 spear, a potion of lignification {!q}, a +0 robe, a ration
     0 | D:1      | Reached XP level 1. HP: 15/15 MP: 2/2
   244 | D:1      | Reached XP level 2. HP: 21/21 MP: 3/3
   362 | D:1      | Reached skill level 2 in Dodging
   657 | D:2      | Found a shattered altar of Ashenzari.
   711 | D:2      | Became a worshipper of Ashenzari the Shackled
   712 | D:2      | Fell from the grace of Ashenzari
  1030 | D:2      | Reached skill level 1 in Armour
  1053 | D:2      | Reached skill level 1 in Axes
  1385 | D:2      | Reached XP level 3. HP: 16/27 MP: 4/4
  1914 | D:2      | Reached skill level 2 in Fighting
  2228 | D:3      | Was forgiven by Ashenzari
  2228 | D:3      | Reached XP level 4. HP: 20/33 MP: 5/5
  2240 | D:3      | Reached skill level 2 in Axes
  3182 | D:3      | Reached XP level 5. HP: 39/39 MP: 6/6
  3434 | D:4      | Reached skill level 2 in Armour
  3790 | D:3      | Slain by an iguana

Skill      XL: |  1  2  3  4  5 |
---------------+----------------+-----
Dodging        | 2 |  2.6
Armour         | 1 2 |  2.1
Axes           | 1 2 |  2.5
Fighting       | 2 |  2.5
Stealth        | |  1.2
Spellcasting   | |  1.1
Hexes          | |  3.6
Transmutations | |  1.1
Evocations     | |  1.1

Action                   |  1- 3 |  4- 6 || total
-------------------------+-------+-------++-------
Melee: Spear             |    16 |       ||    16
       Hand axe          |    88 |    84 ||   172
Invok: Renounce Religion |     1 |       ||     1
 Abil: Dig               |     1 |     1 ||     2
Evoke: Wand              |     1 |     1 ||     2
  Eat: Chunk             |     4 |     4 ||     8
Armor: Robe              |     4 |       ||     4
       Ring mail         |    41 |    10 ||    51
       Chain mail        |       |    36 ||    36
Dodge: Dodged            |    68 |    54 ||   122
